 Dungeon Crawl Stone Soup version 0.31.0-11-ge490571c62 (webtiles) character file.

Game seed: 2222797527753712829

48061 booth the Severer (level 14, -15/118 HPs)
             Began as a Minotaur Fighter on Feb 8, 2024.
             Was the Champion of Hepliaklqana.
             Demolished by a tyrant leech (22 damage)
             ... while paralysed by a hornet
             ... on level 5 of the Lair of Beasts on Feb 9, 2024.
             The game lasted 01:34:36 (15959 turns).

booth the Severer (Minotaur Fighter)               Turns: 15959, Time: 01:34:36

Health: -15/118    AC: 19    Str: 23    XL:     14   Next: 10%
Magic:  20/20      EV:  2    Int: 11    God:    Hepliaklqana [******]
Gold:   30         SH:  0    Dex: 11    Spells: 13/13 levels left

rFire   . . .        C - +5 flail (drain)
rCold   + . .        c - +1 buckler
rNeg    . . .        b - +3 scale mail
rPois   .            (helmet unavailable)
rElec   +            A - scarf {repulsion}
rCorr   .            F - +3 pair of gloves "Riomuw" {rElec Regen+ Slay+2}
SInv    .            h - +2 pair of boots
Will    ++...        Q - amulet "Meddanur" {rElec Regen+ Int+4} Stlth
                     D - ring of willpower
HPRegen 1.99/turn    P - ring of protection from cold
MPRegen 0.17/turn

%: repel missiles
@: paralysed, slowed, studying Maces & Flails
A: reduced essence, horns 3, retaliatory headbutt, iridescent scales 1, deformed
body, wild magic 1
a: Renounce Religion, Recall Ancestor, Ancestor Identity, Transference, Idealise


You were on level 5 of the Lair of Beasts.
You worshipped Hepliaklqana.
Hepliaklqana was exalted by your worship.
You visited 2 branches of the dungeon, and saw 15 of its levels.
You also visited: Sewer and Bailey.

You collected 1257 gold pieces.
You spent 1227 gold pieces at shops.

Inventory:

Hand Weapons
 a - a +2 war axe
 z - a +5 battleaxe
 C - a +5 flail of draining (weapon)
 O - a +4 heavy war axe
Missiles
 e - a throwing net
 i - 2 curare-tipped darts
 t - 3 atropa-tipped darts
 w - 14 boomerangs (quivered)
 x - 7 poisoned darts
Armour
 b - a +3 scale mail (worn)
 c - a +1 buckler (worn)
 h - a +2 pair of boots (worn)
 A - a scarf of repulsion (worn)
 B - a +0 cloak
 F - the +3 pair of gloves "Riomuw" (worn) {rElec Regen+ Slay+2}
   (You acquired it on level 10 of the Dungeon)

   Slay+2:    It affects your accuracy & damage with ranged weapons and melee
   (+2).
   rElec:     It insulates you from electricity.
   Regen+:    It increases your rate of health regeneration.
 K - a +0 chain mail
Jewellery
 n - a +4 ring of protection
 D - a ring of willpower (left hand)
 L - a ring of willpower
 P - a ring of protection from cold (right hand)
 Q - the amulet "Meddanur" (around neck) {rElec Regen+ Int+4}
   (You found it on level 3 of the Lair of Beasts)

   [amulet of regeneration]

   Int+4:     It affects your intelligence (+4).
   rElec:     It insulates you from electricity.
   Regen+:    It increases your rate of health regeneration.
 U - a ring of positive energy
Wands
 G - a wand of flame (11)
 H - a wand of paralysis (13)
 N - a wand of light (5)
 S - a wand of polymorph (2)
Scrolls
 f - 3 scrolls of torment
 o - a scroll of poison
 p - 4 scrolls of fog
 r - 5 scrolls of fear
 s - a scroll of vulnerability
 u - 3 scrolls of teleportation
 y - 2 scrolls of immolation
 E - 3 scrolls of revelation
 W - a scroll of identify
Potions
 d - a potion of might
 g - 3 potions of attraction
 k - 3 potions of lignification
 l - a potion of magic
 m - 2 potions of haste
 q - 3 potions of curing
 v - 2 potions of berserk rage
 I - 3 potions of brilliance
 M - a potion of cancellation
 V - 2 potions of invisibility
Miscellaneous
 J - a condenser vane
 T - a phial of floods


   Skills:
 + Level 14.1 Fighting
 + Level 16.1 Axes
 + Level 9.6 Throwing
 + Level 13.4 Armour
 - Level 3.8 Shields
 + Level 9.6 Invocations


You had 13 spell levels left.
You didn't know any spells.
Your spell library contained the following spells:

 Spells                   Type           Power      Damage    Failure   Level
 Kiss of Death            Conj/Necr      0%         2d5       73%         1
 Slow                     Hex            0%         N/A       73%         1
 Cigotuvi's Dreadful Rot  Necr/Alch/Air  0%         N/A       85%         2
 Ensorcelled Hibernation  Hex/Ice        0%         N/A       85%         2
 Mercury Vapours          Alch/Air       0%         N/A       85%         2
 Confusing Touch          Hex            0%         N/A       97%         3
 Mephitic Cloud           Conj/Alch/Air  0%         N/A       97%         3
 Passwall                 Erth           0%         N/A       97%         3
 Sigil of Binding         Hex            0%         N/A       97%         3
 Swiftness                Air            0%         N/A       97%         3
 Vampiric Draining        Necr           0%         2d6       97%         3
 Dispel Undead            Necr           0%         3d6       100%        4
 Leda's Liquefaction      Alch/Erth      0%         N/A       100%        4
 Olgreb's Toxic Radiance  Alch           0%         N/A       100%        4
 Vhi's Electric Charge    Tloc/Air       0%         N/A       100%        4
 Arcjolt                  Conj/Air       0%         1d10      100%        5
 Freezing Cloud           Conj/Ice/Air   0%         6-21      100%        5
 Lee's Rapid Deconstruct  Erth           0%         3d4*      100%        5
 Bombard                  Conj/Erth      0%         9d1       100%        6
 Sculpt Simulacrum        Ice/Alch       0%         N/A       100%        6
 Ozocubu's Refrigeration  Ice            0%         4d7       100%        7
 Discord                  Hex            0%         N/A       100%        8
 Maxwell's Capacitive Co  Air            0%         ∞         100%        8
 Chain Lightning          Conj/Air       0%         N/A       100%        9
 Polar Vortex             Ice            0%         N/A       100%        9


Dungeon Overview and Level Annotations

Branches:
Dungeon (10/15)            Temple (0/1) D:4            Lair (5/5) D:8
 Shoals (0/4) Lair:2       Spider (0/4) Lair:2        Slime (0/5) Lair:4
    Orc (0/2) D:10          Sewer (visited)          Bailey (visited)

Altars:
Ashenzari
Elyvilon
Hepliaklqana
Makhleb
Okawaru
Sif Muna
Trog
Vehumet
The Shining One
Jiyva

Shops:
D:3 :   D:5 *   D:6 *   D:7 ?   D:10 (

Annotations:
D:8 3 runed translucent doors, TheBioAlchemist's ghost, novice FoFi


Innate Abilities, Weirdness & Mutations

Your life essence is reduced to manifest your ancestor. (-10% HP)
You have a pair of large horns on your head.
You reflexively headbutt those who attack you in melee.
You are partially covered in iridescent scales. (AC +2)
Armour fits poorly on your strangely shaped body.
Your spells are a little harder to cast, but a little more powerful.


Message History

You kill the death yak!
You feel sick. The cane toad barely misses you.
The manticore flicks its tail.
The volley of spikes skewers you!!
The barbed spikes become lodged in your body.
* * * LOW HITPOINT WARNING * * *
As you read the scroll of teleportation, it crumbles to dust.
You feel strangely unstable.
You feel sick. You block the cane toad's attack.
Okay, then.
You feel better. The manticore bites you.
* * * LOW HITPOINT WARNING * * *
The manticore claws you but does no damage.
The manticore barely misses you.
You feel better.
Your surroundings suddenly seem different.
A torpor snail, a tyrant leech and a hornet come into view.
Found a trident and a scroll of immolation.
You block the hornet's attack.
You hit the hornet. You drain the hornet.
The hornet is moderately wounded.
Being near the torpor snail leaves you feeling lethargic.
You block the hornet's attack.
You closely miss the hornet.
The hornet is moderately wounded.
A hornet comes into view.
The hornet stings you but does no damage. x2
The tyrant leech bites you!!
* * * LOW HITPOINT WARNING * * *
The tyrant leech draws strength from your injuries!
The hornet buzzes angrily.
You completely miss the hornet. You headbutt the hornet.
The hornet is heavily wounded.
You carefully extract the barbed spikes from your body.
You hear an angry buzzing noise.
The hornet stings you!
* * * LOW HITPOINT WARNING * * *
You suddenly lose the ability to move!
The hornet stings you but does no damage. x2
The tyrant leech bites you!!
You die...

##.†..#P#...........#.
#....................
#######.####.##......
## ### ######....
##.### ####. #..?.# ##
#).w.## ### ##..w..#
...# #.. #..y@y# ..(#
### #...#### #


#wPP ##.P ##. ##.#..P #... # . #.#.w. ##.# ... ###... ##. #...#...†## ##
#...†..w## #. ###...†.w## ## ####..w.#### You could see a tyrant leech, a torpor
snail and 2 hornets.

Vanquished Creatures
  An orc warlord (Bailey)
  2 boulder beetles
  Erica (Lair:1)
  4 hydras
  2 catoblepae (Lair:5)
  A two-headed ogre (D:8)
  2 death yaks (Lair:5)
  A pharaoh ant (Lair:2)
  A manticore (Lair:5)
  8 black mambas
  5 elephants (Lair:5)
  3 torpor snails (Lair:5)
  8 cane toads
  A rime drake (Lair:1)
  4 komodo dragons
  2 trolls (D:10)
  A polar bear (Lair:4)
  5 hornets
  A tarantella (Lair:2)
  6 blink frogs
  2 dream sheep (Lair:5)
  A snapping turtle (Lair:2)
  3 wyverns
  23 yaks
  A water elemental (Lair:2)
  A yak (shapeshifter) (D:10)
  5 hogs
  A basilisk (Lair:4)
  Edmund (D:6)
  9 water moccasins
  An ice beast (D:5)
  9 orc warriors
  Pargi (Sewer)
  3 black bears
  5 wolves (Lair:3)
  5 centaurs
  An ogre (D:5)
  A phantom (D:6)
  A brain worm (Sewer)
  4 bullfrogs
  A kobold brigand (D:8)
  2 gnoll sergeants (D:7)
  A scorpion (Lair:2)
  6 wights
  6 killer bees
  2 bombardier beetles
  2 hounds
  A quasit (D:5)
  2 orc priests (D:7)
  A gnoll bouda (D:8)
  7 jellies
  2 iguanas
  6 orc wizards
  18 gnolls
  5 adders
  An ufetubus (D:7)
  2 dart slugs (D:2)
  5 ribbon worms
  43 orcs
  10 ball pythons
  15 bats
  2 endoplasms
  4 giant cockroaches
  18 goblins
  19 hobgoblins
  10 jackals
  6 quokkas
  A frilled lizard (D:3)
  A goblin skeleton (D:5)
  A goblin zombie (D:5)
  11 kobolds
  2 kobold skeletons (D:5)
  A kobold zombie (D:5)
  2 orc zombies (D:5)
  3 rats
356 creatures vanquished.

Vanquished Creatures (collateral kills)
  Gastronok (Lair:1)
  Kirke (Lair:3)
  A death yak (Lair:5)
  A skyshark (Lair:4)
  A lindwurm (Lair:5)
  4 cane toads
  2 komodo dragons
  A hornet (D:7)
  A vampire (D:10)
  2 shadows
  A hog (Lair:3)
  5 yaks
  A human (D:8)
  A steam dragon (D:8)
  An acid dragon (D:10)
  5 water moccasins
  An ice beast (D:6)
  5 orc warriors (Bailey)
  A wolf (Lair:3)
  A kobold brigand (D:6)
  A bullfrog (Lair:1)
  3 scorpions
  2 wights (D:9)
  4 jellies
  4 orc priests
  A sleepcap (D:8)
  2 orc wizards
  7 gnolls
  3 adders
  An ufetubus (D:7)
  A ribbon worm (D:3)
  13 orcs
  4 goblins
  3 hobgoblins (Bailey)
  2 kobolds (D:6)
  A quokka (D:5)
  2 ball pythons (D:4)
  A frilled lizard (D:5)
  A goblin zombie (D:5)
  A hobgoblin zombie (D:5)
  A kobold skeleton (D:5)
  A kobold zombie (D:5)
  3 rats
99 creatures vanquished.

Vanquished Creatures (others)
  11 hexers
11 creatures vanquished.

Grand Total: 466 creatures vanquished

Notes
Turn   | Place    | Note
-------+----------+-------------------------------------------
     0 | D:1      | booth the Minotaur Fighter began the quest for the Orb.
     0 | D:1      | Reached XP level 1. HP: 19/19 MP: 0/0
   243 | D:1      | Reached XP level 2. HP: 27/27 MP: 1/1
   394 | D:1      | Reached skill level 3 in Axes
   609 | D:1      | Reached XP level 3. HP: 33/33 MP: 2/2
   950 | D:2      | Got Plog's Folio of the Frigorific Cumulonimbus
   970 | D:2      | Found a faded altar of an unknown god.
   980 | D:2      | Prayed at the altar of an unknown god.
   980 | D:2      | Became a worshipper of Hepliaklqana the Forgotten
   980 | D:2      | Reached * piety under Hepliaklqana
  1012 | D:2      | Reached XP level 4. HP: 27/36 MP: 3/3
  1013 | D:2      | Reached skill level 4 in Axes
  2021 | D:3      | Found Bisi's Book Emporium.
  2048 | D:3      | Reached ** piety under Hepliaklqana
  2049 | D:3      | Remembered your ancestor Mardua as a hexer
  2381 | D:3      | Reached XP level 5. HP: 42/42 MP: 4/4
  2719 | D:4      | Found Piahuosa's Book Shoppe.
  2737 | D:4      | Reached skill level 5 in Axes
  2930 | D:4      | Reached skill level 5 in Armour
  2933 | D:4      | Reached skill level 5 in Fighting
  3028 | D:4      | Reached XP level 6. HP: 14/50 MP: 5/5
  3434 | D:4      | Found a staircase to the Ecumenical Temple.
  3491 | D:4      | Reached skill level 6 in Axes
  3578 | D:5      | Entered Level 5 of the Dungeon
  3639 | D:5      | Noticed a water moccasin
  3647 | D:5      | Killed a water moccasin
  3648 | D:5      | Reached XP level 7. HP: 20/55 MP: 6/6
  3717 | D:5      | Reached skill level 7 in Axes
  3853 | D:5      | Found an iron altar of Okawaru.
  3962 | D:5      | Found a bloodstained altar of Trog.
  3999 | D:5      | Found a glowing drain.
  4003 | Sewer    | Entered a sewer
  4104 | Sewer    | Noticed Pargi
  4115 | Sewer    | Killed Pargi
  4241 | D:5      | Reached *** piety under Hepliaklqana
  4253 | D:5      | Found a white marble altar of Elyvilon.
  4258 | D:5      | Reached skill level 8 in Axes
  4258 | D:5      | Reached XP level 8. HP: 63/63 MP: 7/7
  4399 | D:5      | Found a glowing golden altar of the Shining One.
  4536 | D:5      | Found Nukis's General Store.
  4547 | D:5      | Bought a scroll of identify for 22 gold pieces
  4753 | D:5      | Gained mutation: Armour fits poorly on your strangely
                  | shaped body. [potion of mutation]
  4753 | D:5      | Gained mutation: You are partially covered in iridescent
                  | scales. (AC +2) [potion of mutation]
  4753 | D:5      | Gained mutation: You have a pair of large horns on your
                  | head. [potion of mutation]
  4753 | D:5      | Gained mutation: Your spells are a little harder to cast,
                  | but a little more powerful. [potion of mutation]
  4937 | D:6      | Reached skill level 9 in Axes
  4986 | D:6      | Found Jon Wiwu's Assorted Antiques.
  4992 | D:6      | Bought a glowing coral ring for 175 gold pieces
  4992 | D:6      | Bought a scroll of identify for 70 gold pieces
  5319 | D:6      | Noticed Edmund
  5331 | D:6      | Killed Edmund
  5626 | D:6      | Reached **** piety under Hepliaklqana
  5931 | D:6      | Reached skill level 10 in Axes
  5972 | D:6      | Found a broken altar of Ashenzari.
  6256 | D:7      | Reached XP level 9. HP: 72/72 MP: 8/8
  6626 | D:7      | Found The Oracle's Delphic Readings.
  6728 | D:7      | Reached skill level 11 in Axes
  7058 | D:7      | Found a shimmering blue altar of Sif Muna.
  7295 | D:8      | Found a runed translucent gate.
  7295 | D:8      | Found a runed translucent gate.
  7295 | D:8      | Found a runed translucent gate.
  7300 | D:8      | Noticed TheBioAlchemist's ghost (novice FoFi)
  7302 | D:8      | Found a viscous altar of Jiyva.
  7330 | D:8      | Reached skill level 1 in Throwing
  7339 | D:8      | Reached skill level 1 in Invocations
  7719 | D:8      | Reached XP level 10. HP: 73/81 MP: 10/10
  7835 | D:8      | Found a staircase to the Lair.
  8057 | D:8      | Noticed a two-headed ogre
  8069 | D:8      | Killed a two-headed ogre
  8184 | D:8      | Reached skill level 12 in Axes
  8427 | D:9      | Found a flagged portal.
  8473 | Bailey   | Entered a bailey
  8556 | Bailey   | Reached skill level 10 in Fighting
  8556 | Bailey   | Reached skill level 10 in Armour
  8675 | Bailey   | Noticed an orc warlord
  8685 | Bailey   | Killed an orc warlord
  8796 | Bailey   | Reached skill level 13 in Axes
  8796 | Bailey   | Reached XP level 11. HP: 91/91 MP: 12/14
  9203 | D:9      | Reached skill level 14 in Axes
  9205 | D:9      | Reached XP level 12. HP: 99/99 MP: 15/15
  9374 | D:9      | Found a burning altar of Makhleb.
  9507 | D:10     | Entered Level 10 of the Dungeon
  9586 | D:10     | Reached ***** piety under Hepliaklqana
  9667 | D:10     | Found a staircase to the Orcish Mines.
  9667 | D:10     | Found Bahoty's Weapon Shoppe.
  9893 | D:10     | Identified a scroll of acquirement
 10077 | D:10     | Acquired the +3 pair of gloves "Riomuw" {rElec Regen+
                  | Slay+2}
 10719 | Lair:1   | Entered Level 1 of the Lair of Beasts
 10760 | Lair:1   | Found a radiant altar of Vehumet.
 10970 | Lair:1   | Noticed Erica
 10986 | Lair:2   | Noticed a seven-headed hydra
 10995 | Lair:1   | Killed Erica
 11296 | Lair:1   | Noticed Gastronok
 11317 | Lair:1   | Killed Gastronok
 11519 | Lair:2   | Killed a seven-headed hydra
 11641 | Lair:2   | Found a hole to the Spider Nest.
 12397 | Lair:2   | Found a staircase to the Shoals.
 12588 | Lair:3   | Noticed Kirke
 12593 | Lair:3   | Reached skill level 15 in Axes
 12603 | Lair:3   | Killed Kirke
 12604 | Lair:3   | Reached XP level 13. HP: 81/107 MP: 16/18
 12725 | Lair:3   | Acquired a +4 heavy war axe
 12949 | Lair:3   | Reached ****** piety under Hepliaklqana
 13293 | Lair:3   | Identified the amulet "Meddanur" {rElec Regen+ Int+4}
 13703 | Lair:4   | Found a staircase to the Slime Pits.
 13713 | Lair:4   | Found a viscous altar of Jiyva.
 14506 | Lair:5   | Entered Level 5 of the Lair of Beasts
 15200 | D:3      | Bought a manual of Maces & Flails for 960 gold pieces
 15685 | Lair:5   | Reached skill level 16 in Axes
 15876 | Lair:5   | Reached XP level 14. HP: 76/118 MP: 20/20
 15959 | Lair:5   | Paralysed by a hornet for 3 turns
 15959 | Lair:5   | Demolished by a tyrant leech

Illustrated notes

Levels and vault maps discovered:
D:1:      nicolae_arrival_memento_mori, layout_basic
D:2:      layout_basic, dreamdust_ecumenical_altar_sealed_demon
D:3:      minmay_wonky_spiral, layout_loops_corners, serial_shops,
          nicolae_shop_hallway_stairs, serial_bayou_pond_c
D:4:      layout_loops_ring, minmay_temple_entry_proselytizer, serial_shops,
          shop
D:5:      layout_basic, mainiacjoe_overflow_alcove_1,
          nicolae_tso_besieged_by_evil, nicolae_elyvilon_peaceful_grove,
          okawaru_ov_weapons_minmay, serial_shops, nicolae_diamond_shop,
          mainiacjoe_sewer_entry_somewhere_in_here_2
D:6:      layout_layer_cave, kennysheep_mini, serial_shops, shop, uniq_edmund
D:7:      layout_loops_ring, mainiacjoe_overflow_small_starburst,
          minmay_stone_trees_small, nicolae_nh_oracle_at_delphi
D:8:      layout_loops_cross, dpeg_oklobed_lair, gammafunk_ghost_ooze,
          corexii_checkpoint, amethyst_killhole, grunt_decor_one_mirror,
          dk_noncrumbling_4, grunt_livestock, dreamdust_wishing_well
D:9:      layout_cave_pools, old_standard_altar, lightli_bailey_entry_fortress,
          serial_park_tiny_2
D:10:     minmay_angry_zag, layout_loops_ring, orc_david_3,
          chequers_serial_rivers_small_b
Lair:1:   layout_roguey, basic_altar, grunt_megastairs_1, uniq_erica,
          uniq_gastronok
Lair:2:   layout_cave_pods, minmay_shoals_entry_hut,
          nicolae_spider_entry_lesser_pyramids, grunt_megastairs_3,
          lemuel_fruit_tree, infiniplex_staircase_pool_2
Lair:3:   layout_regular_city, grunt_megastairs_4, uniq_kirke
Lair:4:   layout_regular_city, nicolae_slime_entry_field_trip
Lair:5:   hangedman_lair_in_review, layout_regular_city, wormcave

Skill      XL: |  1  2  3  4  5  6  7  8  9 10 11 12 13 |
---------------+----------------------------------------+-----
Axes           | 3 4 5 6 8 10 11 13 14 15 16 | 16.1
Fighting       | 4 5 6 7 9 11 12 14 | 14.1
Armour         | 4 5 6 7 9 10 12 13 | 13.4
Throwing       | 2 6 8 9 |  9.6
Invocations    | 2 6 8 9 |  9.6
Shields        | |  3.8

Action                     |  1- 3 |  4- 6 |  7- 9 | 10-12 | 13-15 || total
---------------------------+-------+-------+-------+-------+-------++-------
  Melee: War axe           |    64 |   111 |   203 |   296 |   149 ||   823
         Headbutt          |     5 |    16 |    38 |    64 |    41 ||   164
         Unarmed           |       |       |       |     5 |       ||     5
         Flail             |       |       |       |     2 |    38 ||    40
  Throw: Dart              |       |       |     7 |     3 |       ||    10
         Boomerang         |       |       |    11 |     9 |    35 ||    55
 Invoke: Ancestor Identity |     1 |       |       |       |       ||     1
         Ancestor Life: He |       |     1 |       |       |       ||     1
         Recall Ancestor   |       |       |     1 |       |       ||     1
         Idealise          |       |       |     1 |       |       ||     1
    Use: Scroll            |     3 |     6 |    10 |     9 |    11 ||    39
         Potion            |       |     2 |     5 |     2 |     4 ||    13
   Stab: Confused          |       |       |     5 |     6 |     7 ||    18
         Distracted        |       |       |       |       |     5 ||     5
 Armour: Scale mail        |    51 |    70 |   141 |   217 |   198 ||   677
         Skin              |       |       |       |     4 |       ||     4
  Dodge: Dodged            |    37 |    48 |    73 |   119 |    73 ||   350
         Repelled          |       |       |       |     2 |       ||     2
  Block: Buckler           |    25 |    31 |    47 |    63 |    60 ||   226
